 Dungeon Crawl Stone Soup version 0.30.1-11-g7821555f0a (webtiles) character file.

Game seed: 17795219984707204863

972 lonewolfV2 the Trooper (level 8, -1/67 HPs)
             Began as a Formicid Fighter on Dec 4, 2023.
             Slain by an ogre
             ... wielding a +0 giant club
              (22 damage)
             ... on level 5 of the Dungeon.
             The game lasted 00:05:54 (4923 turns).

lonewolfV2 the Trooper (Formicid Fighter)           Turns: 4923, Time: 00:05:55

Health: -1/67      AC: 20    Str: 27    XL:     8   Next: 39%
Magic:  8/8        EV:  7    Int:  8    God:
Gold:   216        SH:  5    Dex: 15    Spells: 7/7 levels left

rFire   . . .        a - +1 war axe (protect)
rCold   . . .        c - +0 buckler
rNeg    . . .        f - +1 plate armour
rPois   .            (helmet unavailable)
rElec   .            (no cloak)
rCorr   .            j - +0 pair of gloves
SInv    +            (no boots)
Will    .....        (no amulet) Stlth
                     r - +6 ring of strength
HPRegen 0.31/turn    (no ring)
MPRegen 0.11/turn

%: no passive effects
@: under a protective aura
A: permanent stasis, dig shafts and tunnels, antennae 3, four strong arms
a: Dig, Shaft Self


You were on level 5 of the Dungeon.
You visited 1 branch of the dungeon, and saw 5 of its levels.

You collected 216 gold pieces.

Inventory:

Hand Weapons
 a - a +1 war axe of protection (weapon)
Armour
 c - a +0 buckler (worn)
 f - a +1 plate armour (worn)
 j - a +0 pair of gloves (worn)
Jewellery
 r - a +6 ring of strength (left hand)
Wands
 i - a wand of flame (36)
 p - a wand of acid (12)
Scrolls
 b - 3 scrolls of enchant armour
 h - 2 scrolls of enchant weapon
 n - a scroll of noise
Potions
 d - 2 potions of might
 e - 2 potions of haste {unknown}
 g - 2 potions of magic
 k - a potion of resistance {unknown}
 l - a potion of brilliance {unknown}
 m - 3 potions of heal wounds
 o - a potion of degeneration {unknown}
 q - 2 potions of curing {unknown}
 s - a potion of lignification {unknown}


   Skills:
 + Level 7.3 Fighting
 + Level 7.1 Axes
 - Level 3.2 Armour
 - Level 4.0 Shields


You had 7 spell levels left.
You didn't know any spells.
Your spell library contained the following spells:

 Spells                   Type           Power      Damage    Failure   Level
 Beastly Appendage        Tmut           0%         N/A       100%        1
 Ensorcelled Hibernation  Hex/Ice        0%         N/A       100%        2
 Lesser Beckoning         Tloc           0%         N/A       100%        2
 Scorch                   Fire           0%         2d5       100%        2
 Wereblood                Tmut           0%         N/A       100%        2
 Gell's Gravitas          Tloc           0%         N/A       100%        3
 Spider Form              Tmut/Pois      0%         N/A       100%        3
 Summon Guardian Golem    Hex/Summ       0%         N/A       100%        3
 Teleport Other           Tloc           0%         N/A       100%        3
 Anguish                  Hex/Necr       0%         N/A       100%        4
 Flame Wave               Conj/Fire      0%         2d4       100%        4
 Summon Cactus Giant      Summ           0%         N/A       100%        6
 Orb of Destruction       Conj           0%         9d5       100%        7
 Spellforged Servitor     Conj/Summ      0%         N/A       100%        7


Dungeon Overview and Level Annotations

Branches:
Dungeon (5/15)
 Temple: D:4-7

Altars:
Ashenzari
Cheibriados
Hepliaklqana
Nemelex Xobeh
Okawaru
Trog
Xom
Yredelemnul
The Shining One


Innate Abilities, Weirdness & Mutations

You cannot be hasted, slowed, berserked, paralysed or teleported.
You can dig through walls and to a lower floor.
You have a pair of large antennae on your head. (SInv)
Your four strong arms can wield two-handed weapons with a shield.


Message History

You block the hound's attack. x2
You closely miss the hound.
The hound is severely wounded.
The hound barely misses you.
You barely miss the hound.
The hound is severely wounded.
The hound bites you but does no damage.
An ogre comes into view. It is wielding a +0 giant club.
You block the hound's attack.
You slash the hound!
Your weapon exudes an aura of protection.
You kill the hound!
You hit the ogre.
Your weapon exudes an aura of protection.
The ogre is lightly wounded.
The ogre closely misses you.
You closely miss the ogre.
The ogre is lightly wounded.
The ogre hits you with a +0 giant club!
You slash the ogre!
The ogre is moderately wounded.
You hit the ogre.
The ogre is heavily wounded.
The ogre hits you with a +0 giant club!!
You barely miss the ogre.
The ogre is heavily wounded.
The ogre hits you but does no damage.
You barely miss the ogre.
The ogre is heavily wounded.
The ogre hits you but does no damage.
You hit the ogre but do no damage.
The ogre is heavily wounded.
The sentinel's mark upon you fades away.
You hit the ogre.
The ogre is heavily wounded.
The ogre hits you with a +0 giant club.
You slash the ogre!
The ogre is almost dead.
The ogre hits you with a +0 giant club!!
You die...

...# #......##...##
#........ .....
....##..####...###.........
######...####.#
##...##......... ###. #...
##............. .
##)..####...##......... #
##.....#...####.........
..........## #.........
....##...## .........# .
#..@.# ..#....## #...O..#
##..... #.......#.... ....
#8 #####.........# #. !.
##...##..## ## # .. ..###
#... ... .. .# ... ...# ..
.. .# #..# # .. ##..###


You could see an ogre.

Vanquished Creatures
  An ogre (D:5)
  A gnoll sergeant (D:5)
  2 scorpions
  4 killer bees (D:5)
  2 hounds
  A jelly (D:4)
  2 iguanas (D:5)
  2 orc wizards (D:5)
  Robin (D:4)
  14 gnolls
  5 adders
  3 shadow imps
  4 worms
  2 dart slugs
  11 orcs
  10 ball pythons
  2 bats
  9 endoplasms
  5 giant cockroaches
  14 goblins
  16 hobgoblins
  4 quokkas
  5 frilled lizards
  4 kobolds
  11 rats
135 creatures vanquished.

Vanquished Creatures (others)
  A hobgoblin (D:3)
1 creature vanquished.

Grand Total: 136 creatures vanquished

Notes
Turn   | Place    | Note
-------+----------+-------------------------------------------
     0 | D:1      | lonewolfV2 the Formicid Fighter began the quest for the
                  | Orb.
     0 | D:1      | Reached XP level 1. HP: 18/18 MP: 1/1
   148 | D:1      | Reached XP level 2. HP: 24/24 MP: 2/2
   380 | D:1      | Reached XP level 3. HP: 27/29 MP: 3/3
   873 | D:2      | Reached XP level 4. HP: 26/37 MP: 4/4
  1002 | D:2      | Found a faded altar of an unknown god.
  1288 | D:2      | Identified the +1 ring mail of Integrity {rC+}
  1331 | D:3      | Found a snail-covered altar of Cheibriados.
  1636 | D:3      | Found a shimmering altar of Xom.
  1646 | D:3      | Reached XP level 5. HP: 41/42 MP: 5/5
  1718 | D:3      | Noticed a moth of wrath
  1722 | D:3      | Found a bloodstained altar of Trog.
  2166 | D:3      | Found a glowing golden altar of the Shining One.
  2313 | D:3      | Found an iron altar of Okawaru.
  2316 | D:3      | Found a broken altar of Ashenzari.
  2472 | D:4      | Reached XP level 6. HP: 49/49 MP: 6/6
  2534 | D:4      | Reached skill level 5 in Axes
  2549 | D:4      | Reached skill level 5 in Fighting
  2680 | D:4      | Noticed Robin
  2706 | D:4      | Killed Robin
  3499 | D:4      | Found a sparkling altar of Nemelex Xobeh.
  3545 | D:4      | Found a hazy altar of Hepliaklqana.
  3557 | D:4      | Found a basalt altar of Yredelemnul.
  3833 | D:5      | Entered Level 5 of the Dungeon
  3833 | D:5      | Noticed an ogre
  3839 | D:5      | Killed an ogre
  3840 | D:5      | Reached XP level 7. HP: 53/57 MP: 7/7
  4022 | D:5      | HP: 2/58 [gnoll/+0 spear[a gnoll sergeant] (6)]
  4216 | D:5      | Reached XP level 8. HP: 38/65 MP: 8/8
  4923 | D:5      | Slain by an ogre

Illustrated notes

Levels and vault maps discovered:
D:1:      lightli_arrival_lavapool, layout_loops_ring
D:2:      layout_rooms, chequers_ecumenical_altar_lobes, minmay_small_reverse_x
D:3:      layout_loops_ring, xom_confusion_cloud, mainiacjoe_overflow_chevrons,
          minitemple, tgw_trog, mainiacjoe_overflow_paths, grunt_ministairs_14,
          kennysheep_generic_room_9
D:4:      layout_layer_cave, mainiacjoe_overflow_large_starburst,
          nemelex_xobeh_ov_fountains_minmay, uniq_robin
D:5:      layout_layer_cave, nicolae_overflow_hidden_temple,
          minmay_temple_entry_glassed_door, minmay_fractal_squares_gapless_5

Skill      XL: |  1  2  3  4  5  6  7  8 |
---------------+-------------------------+-----
Axes           | 3 4 5 6 7 |  7.1
Fighting       | 4 5 6 7 |  7.3
Armour         | |  3.2
Shields        | |  4.0

Action                     |  1- 3 |  4- 6 |  7- 9 || total
---------------------------+-------+-------+-------++-------
  Melee: War axe           |    85 |   196 |   105 ||   386
    Use: Scroll            |     4 |     7 |       ||    11
         Potion            |       |       |     2 ||     2
 Armour: Scale mail        |    40 |     8 |       ||    48
         Plate armour      |       |   108 |   117 ||   225
  Dodge: Dodged            |    48 |    55 |    43 ||   146
  Block: Buckler           |    28 |    52 |    32 ||   112
